 Dungeon Crawl Stone Soup version 0.27.1 (webtiles) character file.

Game seed: 9801869343513163826

103 safid the Skirmisher (level 4, -3/40 HPs)
             Began as a Hill Orc Fighter on Aug 21, 2021.
             Slain by an orc warrior (18 damage)
             ... on level 3 of the Dungeon.
             The game lasted 00:10:58 (2686 turns).

safid the Skirmisher (Hill Orc Fighter)             Turns: 2686, Time: 00:10:58

Health: -3/40      AC:  6    Str: 19    XL:     4   Next: 79%
Magic:  5/5        EV:  7    Int:  8    God:
Gold:   29         SH:  9    Dex: 10    Spells: 3/3 levels left

rFire    . . .     SeeInvis .   a - +0 war axe
rCold    . . .     Faith    .   c - +0 kite shield
rNeg     . . .     Spirit   .   b - +0 scale mail
rPois    .         Reflect  .   (no helmet)
rElec    .         Harm     .   (no cloak)
rCorr    .         Rampage  .   (no gloves)
Will     .....                  (no boots)
Stlth    ..........             (no amulet)
HPRegen  0.13/turn              h - ring of wizardry
MPRegen  0.09/turn              (no ring)

@: no status effects
A: no striking features
a: Convert to Beogh


You were on level 3 of the Dungeon.
You visited 1 branch of the dungeon, and saw 3 of its levels.

You collected 94 gold pieces.
You spent 65 gold pieces at shops.

Inventory:

Hand Weapons
 a - a +0 war axe (weapon)
Missiles
 e - 169 stones (quivered)
Armour
 b - a +0 scale mail (worn)
 c - a +0 kite shield (worn)
Jewellery
 h - a ring of wizardry (left hand)
Scrolls
 f - 2 scrolls of enchant weapon
 i - 2 scrolls of immolation
 m - a scroll of vulnerability {unknown}
 o - a scroll of magic mapping {unknown}
 p - a scroll of amnesia {unknown}
 q - a scroll of teleportation {unknown}
Potions
 d - a potion of might
 g - 2 potions of magic
 l - a potion of haste
 n - a potion of attraction {unknown}


   Skills:
 + Level 4.3 Fighting
 + Level 4.2 Axes
 - Level 3.5 Armour
 - Level 0.7 Dodging
 - Level 4.0 Shields
 + Level 1.5 Invocations


You had 3 spell levels left.
You didn't know any spells.
Your spell library was empty.

Dungeon Overview and Level Annotations

Branches:
Dungeon (3/15)

Altars:

Shops:
D:1 *

Annotations:
D:2 1 runed translucent door, Crazy Yiuf
D:3 Jessica


Message History

You see here a +0 buckler.
You block the bat's attack. The bat hits you. The bat barely misses you.
The bat barely misses you. The bat hits you but does no damage.
You block the bat's attack.
The rat twitches its whiskers.
You block the bat's attack. The bat barely misses you.
The bat hits you but does no damage. The bat barely misses you.
You block the bat's attack. The bat hits you but does no damage.
The bat barely misses you.
You barely miss the bat. The bat hits you but does no damage.
The orc hits you but does no damage.
You barely miss the orc. The orc hits you with a +0 club.
You slash the orc!
You kill the orc!
The bat hits you but does no damage. The rat closely misses you.
You barely miss the rat. You block the orc warrior's attack.
The orc priest calls down the wrath of Beogh upon you.
Beogh smites you! The rat barely misses you.
The orc warrior hits you from afar with a +0 halberd.
You barely miss the rat. You block the rat's attack.
The orc warrior hits you from afar with a +0 halberd.
The rat twitches its whiskers.
You block the rat's attack.
You closely miss the rat.
The orc warrior hits you from afar with a +0 halberd!
* * * LOW HITPOINT WARNING * * *
You block the rat's attack. The orc warrior barely misses you.
The orc priest shouts, "Beogh is our master!
Accept the truth or die!" (press Y on the ability menu to convert to Beogh)
You bow before the missionary of Beogh.
You feel better. The rat bites you but does no damage.
The orc warrior barely misses you.
You hit the rat but do no damage. You block the rat's attack.
An orc priest comes into view. It is wielding a +0 dagger.
The orc warrior hits you from afar with a +0 halberd!!
You die...

#####.#..#.........# #.o.# #.
#.....#.........##.###...####.
#............#..o.............
#........##...................
#.....##.###.............o[...
#.....##.###.o.###.#.#....####
########..).obo..r.#.#....#
######r######.#....# #@#
#.#....#### #.# #...>......
...#####.# ###...#)###
.........##### #...#.###
...####......# ##......#
#.####.# #........
#.####.####....###≈
#.#...........#...#
#.#.##.####.#.#.⌠.#


You could see an orc warrior, 2 orc priests, an orc, a bat and a rat.

Vanquished Creatures
  3 adders
  2 worms (D:2)
  5 dart slugs
  An orc (D:3)
  4 endoplasms
  A giant cockroach (D:1)
  5 goblins
  8 hobgoblins
  7 jackals
  2 quokkas (D:1)
  3 ball pythons
  4 bats
  8 kobolds
  2 rats
55 creatures vanquished.

Notes
Turn   | Place    | Note
-------+----------+-------------------------------------------
     0 | D:1      | safid the Hill Orc Fighter began the quest for the Orb.
     0 | D:1      | Reached XP level 1. HP: 19/19 MP: 1/1
   217 | D:1      | Reached XP level 2. HP: 19/27 MP: 2/2
   586 | D:1      | Reached XP level 3. HP: 33/33 MP: 3/3
   608 | D:1      | Found Anuerudd's General Store.
   611 | D:1      | Bought a potion of curing for 39 gold pieces
   611 | D:1      | Bought a scroll of identify for 26 gold pieces
  1473 | D:2      | Found a runed translucent door.
  1474 | D:2      | Noticed Crazy Yiuf
  1534 | D:2      | Reached XP level 4. HP: 18/40 MP: 4/4
  1953 | D:2      | Reached skill level 1 in Invocations
  2657 | D:3      | Noticed an orc warrior
  2658 | D:3      | Noticed Jessica
  2686 | D:3      | Slain by an orc warrior

Illustrated notes

Levels and vault maps discovered:
D:1:      wander_arrival_lonely_grave, layout_basic, serial_shops,
          nicolae_shop_behind_doors, kennysheep_crisscross,
          minmay_tree_intersection, minmay_distorted
D:2:      layout_loops_ring, uniq_crazy_yiuf_cottage
D:3:      layout_loops_cross, fountainhead, minmay_misc_feat_tower, uniq_jessica

Skill      XL: |  1  2  3  4 |
---------------+-------------+-----
Axes           | 3 4 |  4.2
Fighting       | 4 |  4.3
Shields        | 4 |  4.0
Invocations    | 1 |  1.5
Armour         | |  3.5
Dodging        | |  0.7

Action                   |  1- 3 |  4- 6 || total
-------------------------+-------+-------++-------
Melee: War axe           |   108 |    63 ||   171
Throw: Stone             |    13 |     3 ||    16
  Use: Scroll            |       |     4 ||     4
       Potion            |       |     2 ||     2
Armor: Scale mail        |    43 |    37 ||    80
Dodge: Dodged            |    27 |    26 ||    53
Block: Kite shield       |    62 |    48 ||   110
